General information
- name: BNet
- type: Ladder team game (AT/RT)
- host: Battle.net
- saver: iim7b5V7i
map: Everfrost
- players: 6
- length: 35:51
- speed: Fast
- version: 1.26 W3XP
- replay type:

» download(292 KB)
Players
team 1 (loser)
Lord_Piranha (
red | 90 APM | 3204 actions | 35:46)
4 Demon Hunter
2 Evasion
2 Mana Burn
4 Keeper of the Grove
2 Entangling Roots
2 Thorns Aura
1 Priestess of the Moon
1 Scout
» actions
| Assign group hotkey | 95 | |
| Basic commands | 5 | |
| Build / train | 109 | |
| Enter build submenu | 42 | |
| Enter hero's abilities submenu | 9 | |
| Give item / drop item | 2 | |
| Remove unit from queue | 1 | |
| Right click | 1739 | |
| Select / deselect | 571 | |
| Select group hotkey | 501 | |
| Use ability | 129 | |
3204 total
» units
| Wisp | 46 | |
| Archer | 11 | |
| Chimaera | 7 | |
| Mountain Giant | 7 | |
71 total
» upgrades
| Improved Bows | 1 | |
| Reinforced Hides | 3 | |
| Well Spring | 1 | |
| Backpack | 1 | |
| Nature's Blessing | 1 | |
| Corrosive Breath | 1 | |
| Strength of the Wild | 2 | |
| Ultravision | 1 | |
| Hardened Skin | 1 | |
| Resistant Skin | 1 | |
13 total
» buildings
| Altar of Elders | 2 | |
| Moon Well | 8 | |
| Ancient of War | 1 | |
| Tree of Ages | 2 | |
| Ancient of Wonders | 1 | |
| Tree of Eternity | 1 | |
| Tree of Life | 7 | |
| Ancient of Wind | 1 | |
| Hunter's Hall | 1 | |
| Ancient Protector | 10 | |
| Chimaera Roost | 4 | |
| Ancient of Lore | 2 | |
40 total
» build order
00:07 Altar of Elders
00:20 Moon Well
00:50 Ancient of War
01:49 Moon Well
02:24 Moon Well
03:08 Moon Well
03:22 Tree of Ages
03:22 Tree of Ages
04:20 Moon Well
05:38 Ancient of Wonders
06:11 Tree of Eternity
07:27 Tree of Life
08:18 Ancient of Wind
08:22 Hunter's Hall
10:07 Ancient Protector
10:11 Chimaera Roost
10:13 Chimaera Roost
11:19 Ancient Protector
14:28 Tree of Life
18:43 Tree of Life
19:10 Tree of Life
19:19 Moon Well
20:17 Chimaera Roost
20:20 Chimaera Roost
20:25 Ancient of Lore
20:26 Ancient of Lore
21:06 Ancient Protector
21:07 Ancient Protector
21:08 Ancient Protector
22:31 Tree of Life
22:33 Ancient Protector
22:34 Ancient Protector
22:35 Ancient Protector
24:28 Ancient Protector
24:29 Ancient Protector
28:19 Tree of Life
33:49 Tree of Life
34:13 Moon Well
34:14 Moon Well
34:53 Altar of Elders
» items
| Dust of Appearance | 1 | |
| Orb of Venom | 2 | |
| Staff of Preservation | 2 | |
| Scroll of Town Portal | 1 | |
| Scroll of Healing | 1 | |
| Staff of Teleportation | 1 | |
8 total
LORD_PlRANHA (
orange | 133 APM | 4753 actions | 35:43)
5 Death Knight
3 Death Coil
2 Unholy Aura
4 Lich
2 Frost Nova
2 Frost Armor
» actions
| Assign group hotkey | 165 | |
| Basic commands | 182 | |
| Build / train | 63 | |
| Enter build submenu | 17 | |
| Enter hero's abilities submenu | 9 | |
| Give item / drop item | 7 | |
| Remove unit from queue | 3 | |
| Right click | 1556 | |
| Select / deselect | 1151 | |
| Select group hotkey | 1413 | |
| Use ability | 187 | |
4753 total
» units
| Acolyte | 4 | |
| Ghoul | 3 | |
| Crypt Fiend | 7 | |
| Obsidian Statue | 1 | |
| Frost Wyrm | 5 | |
20 total
» upgrades
| Creature Attack | 2 | |
| Burrow | 1 | |
| Ghoul Frenzy | 1 | |
| Web | 1 | |
| Freezing Breath | 1 | |
| Creature Carapace | 3 | |
9 total
» buildings
| Crypt | 1 | |
| Graveyard | 1 | |
| Altar of Darkness | 1 | |
| Ziggurat | 7 | |
| Tomb of Relics | 1 | |
| Nerubian Tower | 3 | |
| Halls of the Dead | 3 | |
| Slaughterhouse | 1 | |
| Black Citadel | 2 | |
| Sacrificial Pit | 1 | |
| Spirit Tower | 1 | |
| Boneyard | 2 | |
24 total
» build order
00:09 Crypt
00:14 Graveyard
00:45 Altar of Darkness
00:59 Ziggurat
01:24 Tomb of Relics
02:13 Ziggurat
02:36 Nerubian Tower
02:47 Nerubian Tower
04:02 Halls of the Dead
04:03 Halls of the Dead
04:31 Ziggurat
05:17 Ziggurat
06:52 Slaughterhouse
08:20 Black Citadel
08:20 Black Citadel
08:36 Ziggurat
09:32 Sacrificial Pit
09:53 Ziggurat
09:54 Ziggurat
10:12 Spirit Tower
10:59 Boneyard
11:41 Nerubian Tower
13:36 Boneyard
» items
| Rod of Necromancy | 3 | |
| Dust of Appearance | 1 | |
| Potion of Lesser Invulnerability | 1 | |
| Scroll of Town Portal | 3 | |
| Orb of Corruption | 1 | |
| Potion of Healing | 1 | |
10 total

»
QkA. (
purple | 40 APM | 1416 actions | 35:50)
6 Keeper of the Grove
3 Entangling Roots
2 Thorns Aura
1 Tranquility
» actions
| Assign group hotkey | 242 | |
| Build / train | 64 | |
| Enter build submenu | 14 | |
| Enter hero's abilities submenu | 6 | |
| Right click | 614 | |
| Select / deselect | 325 | |
| Select group hotkey | 69 | |
| Use ability | 82 | |
1416 total
» units
| Wisp | 16 | |
| Huntress | 7 | |
| Dryad | 12 | |
| Druid of the Claw | 8 | |
43 total
» upgrades
| Strength of the Wild | 3 | |
| Reinforced Hides | 3 | |
| Abolish Magic | 1 | |
| Druid of the Claw Training | 2 | |
| Mark of the Claw | 1 | |
10 total
» buildings
| Altar of Elders | 1 | |
| Moon Well | 7 | |
| Hunter's Hall | 1 | |
| Ancient of War | 2 | |
| Tree of Ages | 1 | |
| Ancient of Wonders | 1 | |
| Tree of Eternity | 1 | |
| Ancient of Lore | 2 | |
16 total
» build order
00:08 Altar of Elders
00:10 Moon Well
00:32 Moon Well
01:56 Hunter's Hall
02:38 Ancient of War
02:45 Ancient of War
03:34 Moon Well
04:39 Moon Well
06:56 Moon Well
07:15 Tree of Ages
07:26 Ancient of Wonders
09:16 Moon Well
10:07 Tree of Eternity
10:11 Ancient of Lore
10:13 Ancient of Lore
10:50 Moon Well
» items
| Boots of Speed | 1 | |
| Circlet of Nobility | 1 | |
2 total
team 2 (winner)
Birdeneering (
yellow | 125 APM | 4488 actions | 35:50)
5 Archmage
3 Blizzard
2 Brilliance Aura
4 Blood Mage
2 Flame Strike
2 Siphon Mana
4 Pit Lord
2 Rain of Fire
2 Cleaving Attack
» actions
| Assign group hotkey | 519 | |
| Basic commands | 10 | |
| Build / train | 186 | |
| Enter build submenu | 162 | |
| Enter hero's abilities submenu | 13 | |
| Give item / drop item | 4 | |
| Right click | 1772 | |
| Select / deselect | 456 | |
| Select group hotkey | 920 | |
| Use ability | 446 | |
4488 total
» units
» upgrades
| Masonry | 3 | |
| Lumber Harvesting | 2 | |
| Magic Sentry | 1 | |
6 total
» buildings
| Altar of Kings | 2 | |
| Lumber Mill | 1 | |
| Farm | 4 | |
| Scout Tower | 202 | |
| Arcane Tower | 10 | |
| Guard Tower | 90 | |
| Keep | 1 | |
| Castle | 1 | |
| Town Hall | 2 | |
| Arcane Sanctum | 1 | |
| Arcane Vault | 4 | |
318 total
» build order
00:04 Altar of Kings
00:19 Lumber Mill
00:34 Farm
00:55 Farm
01:27 Scout Tower
01:41 Farm
01:50 Scout Tower
01:53 Arcane Tower
01:53 Arcane Tower
01:58 Scout Tower
02:02 Scout Tower
02:11 Scout Tower
02:12 Scout Tower
02:39 Arcane Tower
02:41 Scout Tower
02:43 Guard Tower
02:44 Arcane Tower
02:47 Scout Tower
02:47 Scout Tower
03:00 Scout Tower
03:06 Guard Tower
03:07 Scout Tower
03:14 Guard Tower
03:14 Guard Tower
03:14 Guard Tower
03:16 Scout Tower
03:19 Scout Tower
03:20 Arcane Tower
03:45 Guard Tower
03:47 Scout Tower
03:57 Scout Tower
04:00 Guard Tower
04:00 Arcane Tower
04:01 Guard Tower
04:02 Scout Tower
04:03 Scout Tower
04:05 Guard Tower
04:08 Scout Tower
04:09 Scout Tower
04:14 Keep
04:16 Guard Tower
04:20 Scout Tower
04:21 Scout Tower
04:27 Scout Tower
04:28 Guard Tower
04:31 Scout Tower
04:38 Scout Tower
04:39 Scout Tower
04:40 Guard Tower
04:42 Scout Tower
04:42 Scout Tower
05:08 Guard Tower
05:13 Guard Tower
05:17 Guard Tower
05:19 Scout Tower
05:20 Scout Tower
05:41 Guard Tower
05:43 Scout Tower
05:47 Scout Tower
05:48 Scout Tower
06:09 Scout Tower
06:10 Scout Tower
06:13 Scout Tower
06:13 Scout Tower
06:15 Guard Tower
06:16 Scout Tower
06:21 Guard Tower
06:22 Scout Tower
06:23 Scout Tower
06:25 Farm
06:28 Guard Tower
06:43 Castle
06:59 Guard Tower
07:04 Guard Tower
07:07 Scout Tower
07:08 Guard Tower
07:20 Scout Tower
07:21 Scout Tower
07:28 Guard Tower
07:31 Scout Tower
07:32 Scout Tower
08:21 Guard Tower
08:21 Arcane Tower
08:26 Scout Tower
08:30 Arcane Tower
08:45 Scout Tower
08:47 Scout Tower
08:49 Scout Tower
08:55 Scout Tower
08:56 Guard Tower
09:26 Guard Tower
09:31 Town Hall
09:44 Scout Tower
09:45 Scout Tower
09:48 Guard Tower
09:52 Scout Tower
09:52 Scout Tower
10:18 Scout Tower
10:25 Guard Tower
10:27 Scout Tower
11:07 Guard Tower
11:11 Scout Tower
11:12 Scout Tower
11:13 Scout Tower
11:13 Scout Tower
11:14 Scout Tower
11:15 Scout Tower
11:19 Guard Tower
11:22 Scout Tower
11:27 Arcane Tower
11:52 Arcane Sanctum
12:40 Scout Tower
12:41 Scout Tower
12:43 Scout Tower
12:44 Scout Tower
12:46 Scout Tower
12:48 Scout Tower
12:56 Guard Tower
13:09 Guard Tower
13:27 Scout Tower
13:31 Guard Tower
13:51 Guard Tower
13:55 Scout Tower
13:55 Scout Tower
13:56 Scout Tower
13:59 Guard Tower
14:00 Scout Tower
14:01 Scout Tower
14:05 Scout Tower
14:06 Scout Tower
14:07 Scout Tower
14:08 Scout Tower
14:37 Guard Tower
14:45 Scout Tower
14:46 Scout Tower
14:47 Guard Tower
14:50 Arcane Vault
14:51 Arcane Vault
14:54 Guard Tower
14:58 Guard Tower
15:00 Scout Tower
15:01 Scout Tower
15:02 Scout Tower
15:19 Guard Tower
15:40 Guard Tower
15:41 Scout Tower
15:42 Scout Tower
15:47 Guard Tower
15:54 Guard Tower
15:57 Scout Tower
16:17 Arcane Vault
16:23 Scout Tower
16:24 Scout Tower
16:27 Scout Tower
16:51 Scout Tower
16:54 Scout Tower
16:54 Scout Tower
16:55 Scout Tower
17:13 Guard Tower
17:14 Scout Tower
17:15 Scout Tower
17:16 Guard Tower
17:17 Scout Tower
17:18 Scout Tower
17:21 Scout Tower
17:22 Scout Tower
17:25 Scout Tower
18:25 Guard Tower
18:27 Scout Tower
18:28 Scout Tower
18:41 Arcane Vault
18:50 Guard Tower
18:52 Scout Tower
18:53 Scout Tower
18:53 Scout Tower
19:31 Guard Tower
19:37 Scout Tower
19:38 Scout Tower
19:39 Scout Tower
19:39 Scout Tower
19:40 Scout Tower
19:41 Scout Tower
19:46 Scout Tower
19:47 Scout Tower
19:47 Scout Tower
19:48 Scout Tower
19:49 Scout Tower
19:49 Scout Tower
19:53 Scout Tower
19:54 Scout Tower
19:54 Scout Tower
20:29 Guard Tower
20:32 Scout Tower
20:33 Scout Tower
20:33 Scout Tower
20:35 Scout Tower
20:35 Scout Tower
20:36 Scout Tower
21:29 Guard Tower
22:16 Guard Tower
22:19 Scout Tower
22:20 Scout Tower
22:21 Scout Tower
22:22 Scout Tower
23:04 Guard Tower
23:52 Scout Tower
23:53 Scout Tower
24:10 Guard Tower
24:16 Scout Tower
24:16 Scout Tower
24:36 Guard Tower
25:05 Guard Tower
25:07 Scout Tower
25:08 Scout Tower
25:09 Scout Tower
25:10 Scout Tower
25:11 Scout Tower
25:12 Guard Tower
25:14 Scout Tower
25:24 Scout Tower
25:25 Scout Tower
25:25 Scout Tower
25:26 Scout Tower
25:27 Scout Tower
25:27 Scout Tower
25:30 Scout Tower
25:31 Scout Tower
25:39 Scout Tower
25:39 Scout Tower
25:40 Scout Tower
25:41 Scout Tower
25:41 Scout Tower
25:42 Scout Tower
25:57 Scout Tower
25:58 Scout Tower
25:59 Guard Tower
26:11 Guard Tower
26:23 Guard Tower
26:26 Guard Tower
26:28 Scout Tower
26:29 Guard Tower
26:36 Guard Tower
26:49 Scout Tower
26:50 Scout Tower
26:51 Scout Tower
26:51 Scout Tower
26:52 Scout Tower
26:52 Scout Tower
27:05 Guard Tower
27:11 Scout Tower
27:12 Scout Tower
27:14 Guard Tower
27:15 Scout Tower
27:17 Guard Tower
27:20 Scout Tower
27:21 Scout Tower
27:21 Scout Tower
27:38 Guard Tower
27:40 Town Hall
27:51 Guard Tower
28:25 Guard Tower
29:05 Guard Tower
29:07 Scout Tower
29:08 Scout Tower
29:09 Scout Tower
29:10 Scout Tower
29:12 Scout Tower
29:13 Scout Tower
29:14 Scout Tower
29:14 Scout Tower
29:15 Scout Tower
29:15 Scout Tower
29:16 Scout Tower
29:18 Scout Tower
29:23 Altar of Kings
29:23 Guard Tower
29:42 Scout Tower
29:43 Scout Tower
29:43 Guard Tower
30:19 Scout Tower
30:20 Scout Tower
30:23 Scout Tower
30:24 Scout Tower
30:25 Scout Tower
30:27 Scout Tower
30:28 Scout Tower
30:29 Scout Tower
30:39 Guard Tower
30:40 Scout Tower
30:41 Scout Tower
30:58 Arcane Tower
30:59 Guard Tower
31:11 Guard Tower
31:27 Guard Tower
31:28 Guard Tower
31:28 Guard Tower
31:29 Guard Tower
31:29 Guard Tower
31:29 Guard Tower
31:30 Guard Tower
31:56 Guard Tower
32:47 Guard Tower
33:52 Scout Tower
33:53 Scout Tower
33:54 Scout Tower
33:55 Scout Tower
33:56 Scout Tower
34:10 Scout Tower
34:10 Scout Tower
34:11 Scout Tower
34:12 Scout Tower
35:12 Guard Tower
35:39 Guard Tower
» items
| Healing Salve | 4 | |
| Scroll of Town Portal | 4 | |
| Orb of Lightning | 3 | |
| Boots of Speed | 3 | |
| Staff of Teleportation | 3 | |
| Staff of Sanctuary | 3 | |
| Scroll of Regeneration | 1 | |
21 total
iim7b5V7i (
blue | 105 APM | 3783 actions | 35:51)
7 Blademaster
3 Wind Walk
3 Critical Strike
1 Bladestorm
» actions
| Assign group hotkey | 451 | |
| Basic commands | 25 | |
| Build / train | 77 | |
| Enter build submenu | 14 | |
| Enter hero's abilities submenu | 6 | |
| Give item / drop item | 3 | |
| Remove unit from queue | 1 | |
| Right click | 2047 | |
| Select / deselect | 386 | |
| Select group hotkey | 452 | |
| Use ability | 318 | |
3783 total
» units
» upgrades
| Ranged Weapons | 3 | |
| Liquid Fire | 1 | |
4 total
» buildings
| Altar of Storms | 1 | |
| Orc Burrow | 4 | |
| War Mill | 1 | |
| Voodoo Lounge | 5 | |
| Stronghold | 2 | |
| Fortress | 1 | |
| Beastiary | 2 | |
16 total
» build order
00:02 Altar of Storms
00:08 Orc Burrow
00:18 War Mill
01:53 Orc Burrow
02:12 Voodoo Lounge
03:41 Stronghold
04:20 Voodoo Lounge
04:22 Voodoo Lounge
05:32 Orc Burrow
06:31 Fortress
06:33 Beastiary
06:34 Beastiary
10:05 Orc Burrow
13:28 Voodoo Lounge
13:32 Voodoo Lounge
» items
| Healing Salve | 2 | |
| Lesser Clarity Potion | 6 | |
| Boots of Speed | 1 | |
| Staff of Teleportation | 1 | |
| Orb of Lightning | 1 | |
| Scroll of Town Portal | 2 | |
13 total
nutsonyochin.de (
green | 90 APM | 3239 actions | 35:50)
6 Warden
3 Shadow Strike
3 Blink
» actions
| Assign group hotkey | 6 | |
| Basic commands | 13 | |
| Build / train | 62 | |
| ESC pressed | 4 | |
| Enter build submenu | 34 | |
| Enter hero's abilities submenu | 6 | |
| Give item / drop item | 5 | |
| Right click | 2322 | |
| Select / deselect | 265 | |
| Select group hotkey | 310 | |
| Use ability | 212 | |
3239 total
» units
» upgrades
| Ultravision | 1 | |
| Well Spring | 1 | |
| Strength of the Wild | 3 | |
| Reinforced Hides | 3 | |
| Nature's Blessing | 1 | |
| Druid of the Talon Training | 2 | |
| Mark of the Talon | 1 | |
12 total
» buildings
| Altar of Elders | 3 | |
| Moon Well | 24 | |
| Tree of Ages | 1 | |
| Hunter's Hall | 1 | |
| Tree of Life | 3 | |
| Tree of Eternity | 1 | |
| Ancient of Wonders | 1 | |
| Ancient of Wind | 1 | |
| Chimaera Roost | 1 | |
36 total
» build order
00:09 Altar of Elders
00:19 Moon Well
01:09 Moon Well
04:26 Tree of Ages
04:44 Hunter's Hall
06:21 Tree of Life
06:29 Tree of Life
06:50 Tree of Eternity
06:53 Ancient of Wonders
07:54 Moon Well
07:55 Moon Well
08:21 Moon Well
08:26 Moon Well
10:52 Moon Well
10:53 Moon Well
10:55 Moon Well
12:41 Moon Well
13:27 Moon Well
13:29 Moon Well
13:30 Moon Well
15:45 Moon Well
15:45 Moon Well
15:53 Moon Well
15:54 Moon Well
15:56 Moon Well
15:57 Moon Well
16:10 Tree of Life
18:42 Moon Well
18:44 Moon Well
20:07 Ancient of Wind
27:24 Altar of Elders
27:30 Altar of Elders
30:47 Moon Well
30:48 Moon Well
31:25 Chimaera Roost
33:51 Moon Well
» items
| Staff of Teleportation | 1 | |
| Boots of Speed | 4 | |
| Orb of Venom | 1 | |
| Healing Salve | 1 | |
| Potion of Healing | 2 | |
9 total
Chat log
(00:08 / All) nutsonyochin.de: howd u guys get same name ?
(00:14 / All) Birdeneering: hack?
(00:17 / All) Lord_Piranha: pg
(00:25 / All) LORD_PlRANHA: we are twins
(00:28 / All) nutsonyochin.de: da fuck u say
(00:32 / All) Lord_Piranha: bnet legends
(00:38 / All) Birdeneering: simple English please
(00:41 / All) nutsonyochin.de: boy girl twin??
(00:45 / All) nutsonyochin.de: is my fantasy...
(00:55 / All) Lord_Piranha: yewah he got a pussy
(00:56 / All) nutsonyochin.de: i want to watch a boy girl twin KISS
(02:02 / All) nutsonyochin.de: can we skype and u kiss after htis game please
(02:19 / All) Birdeneering: plz wait
(02:20 / All) nutsonyochin.de: even if is boy boy twin.....kiss.......is good.
(02:24 / All) Birdeneering: pizza guy W8
(02:26 / All) LORD_PlRANHA: how long??
(02:26 / All) Birdeneering: Need pizza guy
(02:27 / All) Birdeneering: at the do
(02:28 / All) iim7b5V7i: wait please
(02:33 / All) Lord_Piranha: what du u expect?
(02:33 / All) Birdeneering: No
(02:36 / All) nutsonyochin.de: sometimes i make the pizza man come in my house and wait and wait and wait
(02:37 / All) Birdeneering: why you do this
(02:38 / All) Birdeneering: why
(02:39 / All) iim7b5V7i: Didn't you are mother teach you anything
(02:42 / All) nutsonyochin.de: and then i put on a twin kissing video
(02:45 / All) nutsonyochin.de: until he leave.s..
(03:27 / All) Birdeneering: if you let us pause
(03:30 / All) Birdeneering: your keeper stays alive
(12:29 / All) QkA.: omg tower noobs
(12:36 / All) Birdeneering: you didn't let us pause
(12:37 / All) Birdeneering: so we tower
(12:38 / All) Birdeneering: fuck u
(12:43 / All) QkA.: haha
(13:18 / All) Birdeneering: bye noob
(17:47 / All) Birdeneering: wowww u suck
(19:00 / All) Birdeneering: thx free wyrm
(19:01 / All) Birdeneering: noob
(27:00 / All) Birdeneering: why didn't you let us pause??
(27:28 / All) Birdeneering: if you let us pause this would never have happened
(27:30 / All) Birdeneering: it's your fault
(28:37 / All) Birdeneering: now you lose
(28:41 / All) Birdeneering: because you were bad manner
(29:55 / All) Birdeneering: stop the game!!!
(29:56 / All) nutsonyochin.de: HEY one sec pelase
(30:00 / All) Birdeneering: we need to discuss a noob problem
(30:05 / All) Birdeneering: (it's you)
(30:44 / All) QkA.: we to u no skill tower noobs haha very gay boys
(30:53 / All) Birdeneering: you can't even beat towers?
(30:57 / All) Birdeneering: how SCROOOOOOB is that?
(31:07 / All) Birdeneering: do the scroob noise
(31:41 / All) Birdeneering: final push of the noob
(32:13 / All) Birdeneering: cya noob red
(32:20 / All) Birdeneering: you lost because you're stupid
(32:21 / All) Birdeneering: Idiota
(33:27 / All) iim7b5V7i: rofl undead the worst player
(33:33 / All) LORD_PlRANHA: yy
(33:46 / All) Birdeneering: cu noobies
(34:01 / All) Birdeneering: why didn't you win?
(34:04 / All) Birdeneering: against only towers??
(34:22 / All) Birdeneering: so bad manner you didn't let us pause... then you lose??
(34:42 / All) Birdeneering: nice moon wells noob
(35:35 / All) Birdeneering: sweet detonates noob
(35:39 / All) iim7b5V7i: you can leave now noob ud
(35:42 / All) iim7b5V7i: now that your dk has died
(35:46 / All) Birdeneering: LOOOL